 Dungeon Crawl Stone Soup version 0.17.0-56-gd8de76c (webtiles) character file.

63 dohliylev the Caller (level 3, -1/19 HPs)
             Began as a Deep Elf Summoner on Dec 4, 2015.
             Slain by a quokka (4 damage)
             ... on level 3 of the Dungeon.
             The game lasted 00:21:22 (3015 turns).

dohliylev the Caller (Deep Elf Summoner)            Turns: 3015, Time: 00:21:22

Health: -1/19      AC:  3    Str:  5    XL:     3   Next: 87%
Magic:  1/10       EV: 13    Int: 20    God:
Gold:   100        SH:  0    Dex: 15    Spells: 1 memorised, 9 levels left

rFire  . . .     SeeInvis .     (no weapon)
rCold  . . .     Clarity  .     a - +1 robe
rNeg   . . .     SustAt   .     (no shield)
rPois  .         Gourm    .     (no helmet)
rElec  .         Spirit   .     (no cloak)
rCorr  .         Warding  .     (no gloves)
rMut   .         Stasis   .     (no boots)
MR     .....                    (no amulet)
Stlth  ++........               (no ring)
                                (no ring)

@: not resistant to hostile enchantments, unstealthy
A: no striking features
a: no special abilities


You were on level 3 of the Dungeon.
You were not hungry.

You visited 1 branch of the dungeon, and saw 3 of its levels.

You collected 100 gold pieces.

Inventory:

Armour
 a - a +1 robe (worn)
Scrolls
 m - 4 scrolls of identify {unknown}
 p - a scroll of amnesia {unknown}
 s - a scroll of fog {unknown}
Potions
 e - 2 potions of mutation {unknown}
 i - 2 potions of agility {unknown}
 k - 2 potions of heal wounds {unknown}
 l - 4 potions of curing {unknown}
 r - a potion of degeneration {unknown}
Books
 b - a book of Callings

   Spells                             Type                      Level
   a - Summon Small Mammal            Summoning                    1
   b - Call Imp                       Summoning                    2
   c - Call Canine Familiar           Summoning                    3
   d - Summon Guardian Golem          Hexes/Summoning              3
   e - Summon Lightning Spire         Summoning/Air                4
   f - Summon Ice Beast               Ice/Summoning                4
Comestibles
 c - 2 bread rations
 f - 3 beef jerkies
 g - a slice of pizza
 o - a meat ration
 q - 4 chunks of flesh


   Skills:
 + Level 2.8 Dodging
 + Level 2.5 Stealth
 + Level 4.2 Spellcasting
 + Level 5.2 Summonings


You had 9 spell levels left.
You knew the following spells:

 Your Spells              Type           Power        Failure   Level  Hunger
a - Summon Small Mammal   Summ           ####         1%          1    None


Dungeon Overview and Level Annotations

Branches:
Dungeon (3/15)

Altars:
Elyvilon
Nemelex Xobeh
The Shining One

Annotations:
D:2 Sigmund
D:3 Robin


Message History

It is a scroll of enchant armour.
Enchant which item? (? for menu, Esc to quit)
Your +0 robe glows green for a moment.
The quokka closely misses you. The goblin barely misses you.
As you read the scroll labeled OCWAGE INTOI, it crumbles to dust.
You feel blessed for a moment.
It was a scroll of remove curse.
The quokka bites you but does no damage.
The goblin hits you with a dagger.
* * * LOW HITPOINT WARNING * * *
Unknown command.
As you read the scroll labeled KADGHY HESKIDO, it crumbles to dust.
You feel aware of your surroundings.
It was a scroll of magic mapping.
The quokka closely misses you. The goblin closely misses you.
The quokka bites you.
* * * LOW HITPOINT WARNING * * *
As you read the scroll labeled WANLOU VI KIKAU, it crumbles to dust.
It is a scroll of recharging.
You aren't carrying any rechargeable items.
The quokka bites you.
You die...

,,,,,,,,,<* ******###
****,,,**,* *,,,,,..#
***,*,**,****,****#.#
*,,,*,,,,*,*#.#####.##
*,*****,,,,,.g..g.g..#
**,,,*,,,,,,******##).#
,,,,,*,**,*** #.ยง.#
***,,,,*#.##########..#
,,,,*,**#.....rr@gggg.#
***,*,**#..#########.##
,,,,,,,>,,,****** #.#
,,,,,,,,,,,,>,,,** #.#
***,****,*,***,#.###.##
*,* *,*,**,**#.....#
####### *,*
*,*,***,#.###..###.....##
**,** *,*,****,**
#..##..###..#
*,,,***,,,,,,,,*
#..##.##.##.##


You could see Robin, 2 quokkas and 3 goblins.

Vanquished Creatures
  A quokka (D:2)
1 creature vanquished.

Vanquished Creatures (collateral kills)
  Ijyb (D:2)
  2 oozes
  2 worms (D:2)
  3 orcs
  6 bats
  2 giant cockroaches
  10 hobgoblins
  9 kobolds
  A quokka (D:3)
  4 giant newts (D:1)
  13 goblins
  4 rats
  A plant (D:1)
58 creatures vanquished.

Grand Total: 59 creatures vanquished

Notes
Turn   | Place    | Note
--------------------------------------------------------------
     0 | D:1      | dohliylev the Deep Elf Summoner began the quest for the Orb.
     0 | D:1      | Reached XP level 1. HP: 10/10 MP: 6/6
   285 | D:1      | Reached XP level 2. HP: 15/15 MP: 5/8
  1352 | D:2      | Found a white marble altar of Elyvilon.
  1416 | D:2      | Reached skill level 5 in Summonings
  1472 | D:2      | Noticed Ijyb
  1522 | D:2      | Killed Ijyb
  1522 | D:2      | Reached XP level 3. HP: 8/19 MP: 1/10
  1967 | D:2      | Noticed Sigmund
  2635 | D:3      | Found a glowing golden altar of the Shining One.
  2824 | D:3      | Found a sparkling altar of Nemelex Xobeh.
  2969 | D:3      | Noticed Robin
  3015 | D:3      | Slain by a quokka

Action                   || total
-------------------------++-------
Melee: Unarmed           ||     9
 Cast: Summon Small Mamm ||   206
  Use: Scroll            ||     4
 Stab: Sleeping          ||     1
  Eat: Chunk             ||     6
